 Dungeon Crawl Stone Soup version 0.29-a0-901-g46a8461d6a (webtiles) character file.

Game seed: 9211774565843080875

180 leavemydog the Chopper (level 5, -4/46 HPs)
             Began as a Hill Orc Fighter on July 23, 2022.
             Slain by an ice beast (13 damage)
             ... on level 3 of the Dungeon.
             The game lasted 00:06:43 (2772 turns).

leavemydog the Chopper (Hill Orc Fighter)           Turns: 2772, Time: 00:06:43

Health: -4/46      AC:  7    Str: 21    XL:     5   Next: 60%
Magic:  5/5        EV:  9    Int:  8    God:
Gold:   200        SH:  4    Dex: 10    Spells: 4/4 levels left

rFire   . . .      SeeInvis .   a - +0 war axe
rCold   . . .      Faith    .   c - +0 buckler
rNeg    . . .      Spirit   .   b - +0 scale mail
rPois   .          Reflect  .   (no helmet)
rElec   .          Harm     .   (no cloak)
rCorr   .          Rampage  .   (no gloves)
Will    .....                   (no boots)
Stlth   ..........              k - amulet of the acrobat
HPRegen 0.15/turn               (no ring)
MPRegen 0.09/turn               (no ring)

@: no status effects
A: no striking features
a: no special abilities


You were on level 3 of the Dungeon.
You visited 1 branch of the dungeon, and saw 4 of its levels.

You collected 200 gold pieces.

Inventory:

Hand Weapons
 a - a +0 war axe (weapon)
Missiles
 l - 3 curare-tipped darts (quivered)
Armour
 b - a +0 scale mail (worn)
 c - a +0 buckler (worn)
Jewellery
 f - a ring of resist corrosion
 k - an amulet of the acrobat (around neck)
 n - an amulet of regeneration
Scrolls
 g - 2 scrolls of fear
 i - 3 scrolls of magic mapping
 j - 3 scrolls of identify {unknown}
 o - 3 scrolls of immolation
 q - a scroll of teleportation {unknown}
 r - a scroll of enchant armour {unknown}
 t - 2 scrolls of amnesia {unknown}
Potions
 d - a potion of might
 e - a potion of cancellation {unknown}
 h - a potion of brilliance {unknown}
 m - a potion of magic {unknown}
 p - a potion of ambrosia {unknown}
 s - a potion of invisibility
 u - a potion of berserk rage {unknown}
 v - a potion of heal wounds {unknown}
 w - a potion of degeneration {unknown}


   Skills:
 + Level 4.2 Fighting
 * Level 6.2 Axes
 + Level 4.0 Armour
 + Level 3.6 Shields


You had 4 spell levels left.
You didn't know any spells.
Your spell library was empty.

Dungeon Overview and Level Annotations

Branches:
Dungeon (4/15)
 Temple: D:4-7

Altars:
Cheibriados
Uskayaw


Message History

The ice beast hits you but does no damage.
The ice beast attacks as you move away! The ice beast completely misses you.
The ice beast attacks as you move away! The ice beast closely misses you.
The ice beast attacks as you move away! The ice beast closely misses you.
The ice beast attacks as you move away!
The ice beast hits you but does no damage.
The ice beast attacks as you move away! The ice beast misses you.
There is a stone staircase leading down here.
The ice beast attacks as you move away! You block the ice beast's attack.
It was a potion of invisibility.
You fade into invisibility!
The ice beast hits you but does no damage.
The ice beast closely misses you.
Number of times to repeat, then command key: You must enter the number of times for the command to repeat.
You flicker for a moment.
You flicker back into view.
The ice beast attacks as you move away!
The ice beast hits you but does no damage.
You barely miss the ice beast.
The ice beast is heavily wounded.
The ice beast hits you but does no damage.
You closely miss the ice beast.
The ice beast is heavily wounded.
You block the ice beast's attack.
You hit the ice beast.
The ice beast is heavily wounded.
The ice beast hits you but does no damage. x2
You closely miss the ice beast.
The ice beast is heavily wounded.
The ice beast hits you but does no damage.
You barely miss the ice beast.
The ice beast is heavily wounded.
The ice beast barely misses you.
You closely miss the ice beast.
The ice beast is heavily wounded.
The ice beast hits you.
* * * LOW HITPOINT WARNING * * *
The ice beast freezes you!
You die...

#....# #########.... #....#
###...### ##.#### #...### # ####
#..# #.### .<.###.## ####.#
.#...#.###############....# ##
....................##.#### #.
...##..##..............## ##.
#...........#..Y@.......#######..
#..##..####...........#..........
#.รทรท#.##
###..............####..
#.....#######....................
.........................######..
#.....#######..........#.........
..##..# #.............###....
..##..## ###............<..#....
..##...####...........####.......


You could see an ice beast.

Vanquished Creatures
  A necrophage (D:4)
  6 adders
  An orc (D:2)
  8 ball pythons
  6 endoplasms
  4 giant cockroaches
  5 hobgoblins
  2 jackals (D:1)
  5 kobolds
  4 quokkas (D:1)
  7 bats
  3 goblins
  12 rats
64 creatures vanquished.

Notes
Turn   | Place    | Note
-------+----------+-------------------------------------------
     0 | D:1      | leavemydog the Hill Orc Fighter began the quest for the
                  | Orb.
     0 | D:1      | Reached XP level 1. HP: 19/19 MP: 1/1
   160 | D:1      | Reached XP level 2. HP: 27/27 MP: 2/2
   188 | D:1      | Reached skill level 3 in Axes
   457 | D:1      | Found a faded altar of an unknown god.
  1040 | D:1      | Reached XP level 3. HP: 33/33 MP: 3/3
  1371 | D:2      | Reached skill level 4 in Axes
  1632 | D:2      | Reached XP level 4. HP: 38/40 MP: 4/4
  1934 | D:2      | Reached skill level 5 in Axes
  2283 | D:3      | Found a hide-covered altar of Uskayaw.
  2512 | D:3      | Found a snail-covered altar of Cheibriados.
  2676 | D:4      | Noticed an ice beast
  2676 | D:4      | Noticed a necrophage
  2691 | D:4      | Killed a necrophage
  2692 | D:4      | Reached skill level 6 in Axes
  2692 | D:4      | Reached XP level 5. HP: 35/46 MP: 5/5
  2692 | D:4      | Noticed an ogre
  2718 | D:4      | HP: 2/46 [ice beast (11)]
  2772 | D:3      | Slain by an ice beast

Illustrated notes

Levels and vault maps discovered:
D:1:      roderic_dead_forest, layout_basic, chequers_ecumenical_altar_twisty
D:2:      layout_basic
D:3:      layout_rooms, mainiacjoe_overflow_six_doors_small,
          nicolae_uskayaw_murder_on_the_dancefloor
D:4:      layout_layer_cave, minmay_temple_entry_sparse_star, serial_shops,
          shop, minmay_close_crescents, uniq_eustachio

Skill      XL: |  1  2  3  4  5 |
---------------+----------------+-----
Axes           | 3 4 6 |  6.2
Fighting       | 4 |  4.2
Armour         | 4 |  4.0
Shields        | |  3.6

Action                   |  1- 3 |  4- 6 || total
-------------------------+-------+-------++-------
Melee: War axe           |    90 |   100 ||   190
  Use: Scroll            |       |     3 ||     3
       Potion            |       |     1 ||     1
Armor: Scale mail        |    35 |    52 ||    87
Dodge: Dodged            |    44 |    53 ||    97
Block: Buckler           |    15 |    24 ||    39

Table legend: (Time is in decaauts)
 A = Elapsed time spent in this place.
 B = Non-inter-level travel time spent in this place.
 C = Inter-level travel time spent in this place.
 D = Time resting spent in this place.
 E = Time spent auto-exploring this place.
 F = Levels seen in this place.
 G = Mean time per level.
                   A        B        C        D        E       F      G
               +--------+--------+--------+--------+--------+-----+--------+
         Total |   2833 |   2715 |    118 |      0 |   2141 |   4 |  708.2 |
       Dungeon |   2833 |   2715 |    118 |      0 |   2141 |   4 |  708.2 |
               +--------+--------+--------+--------+--------+-----+--------+

Top non-repeatable levels by time:
     D:1: 1196 daAuts
     D:2: 988 daAuts
     D:3: 588 daAuts
     D:4: 59 daAuts
